 Dungeon Crawl Stone Soup version 0.31-a0-1-g4198be8af4 (webtiles) character file.

Game seed: 17649213501770864211

1437 qeuew the Ducker (level 8, 0/64 HPs)
             Began as a Gnoll Wanderer on May 1, 2023.
             Was an Initiate of Cheibriados.
             Killed by divine providence
             ... invoked by an orc priest
              (12 damage)
             ... on level 7 of the Dungeon.
             The game lasted 00:06:34 (5615 turns).

qeuew the Ducker (Gnoll Wanderer)                   Turns: 5615, Time: 00:06:34

Health: 0/64       AC:  6    Str: 16    XL:     8   Next: 74%
Magic:  11/13      EV: 21    Int: 14    God:    Cheibriados [......]
Gold:   441        SH:  0    Dex: 18    Spells: 13/14 levels left

rFire   . . .        a - +2 flail
rCold   . . .        (no shield)
rNeg    . . .        d - +0 leather armour
rPois   .            (no helmet)
rElec   .            (no cloak)
rCorr   .            g - +2 pair of gloves
SInv    .            (no boots)
Will    .....        (no amulet)
Stlth   +++          k - +5 ring of evasion
HPRegen 0.30/turn    j - +6 ring of dexterity
MPRegen 0.13/turn

%: clarity
@: mighty, slow
A: fangs 1, strong nose, distributed training, clarity, clever 1
a: Renounce Religion


You were on level 7 of the Dungeon.
You worshipped Cheibriados.
Cheibriados was noncommittal.
You visited 1 branch of the dungeon, and saw 8 of its levels.

You collected 441 gold pieces.

Inventory:

Hand Weapons
 a - a +2 flail (weapon)
Armour
 d - a +0 leather armour (worn)
 g - a +2 pair of gloves (worn)
Jewellery
 h - a ring of flight
 j - a +6 ring of dexterity (right hand)
 k - a +5 ring of evasion (left hand)
Wands
 m - a wand of paralysis (9)
Scrolls
 f - a scroll of identify
 i - 4 scrolls of enchant weapon
 n - 2 scrolls of enchant armour
 o - 2 scrolls of teleportation
 p - a scroll of fear
Potions
 b - 2 potions of magic
 c - a potion of resistance
 e - a potion of might
 l - 3 potions of curing


   Skills:
 + Level 5.9 Fighting
 + Level 3.6 Short Blades
 + Level 3.6 Long Blades
 + Level 3.6 Axes
 + Level 7.6 Maces & Flails
 + Level 3.6 Polearms
 + Level 3.6 Staves
 + Level 3.6 Ranged Weapons
 + Level 3.6 Throwing
 + Level 3.6 Armour
 + Level 7.6 Dodging
 + Level 4.4 Stealth
 + Level 3.6 Shields
 + Level 3.6 Unarmed Combat
 + Level 3.6 Spellcasting
 + Level 3.0 Conjurations
 + Level 3.0 Hexes
 + Level 3.0 Summonings
 + Level 3.0 Necromancy
 + Level 3.0 Translocations
 + Level 3.0 Transmutations
 + Level 3.0 Fire Magic
 + Level 3.0 Ice Magic
 + Level 3.0 Air Magic
 + Level 3.0 Earth Magic
 + Level 3.0 Poison Magic
 + Level 4.0 Invocations
 + Level 4.5 Evocations


You had 13 spell levels left.
You knew the following spells:

 Your Spells              Type           Power      Damage    Failure   Level
a - Magic Dart            Conj           44%        1d5       7%          1

Your spell library contained the following spells:

 Spells                   Type           Power      Damage    Failure   Level
 Call Imp                 Summ           22%        N/A       11%         2
 Lesser Beckoning         Tloc           22%        N/A       11%         2
 Gell's Gravitas          Tloc           11%        N/A       21%         3
 Hailstorm                Conj/Ice       11%        3d5       21%         3
 Mephitic Cloud           Conj/Pois/Air  11%        N/A       21%         3
 Teleport Other           Tloc           11%        N/A       21%         3
 Ice Form                 Ice/Tmut       11%        N/A       56%         4
 Simulacrum               Ice/Necr       5%         N/A       100%        6


Dungeon Overview and Level Annotations

Branches:
Dungeon (8/15)             Temple (0/1) D:7
   Lair: D:8-11

Altars:
Cheibriados
Dithmenos
Kikubaaqudgha
Nemelex Xobeh
Okawaru
Qazlal
Uskayaw
Xom
Yredelemnul
Zin

Shops:
D:1 =   D:4 *

Annotations:
D:5 2 transporters, Menkaure
D:8 Amaemon


Innate Abilities, Weirdness & Mutations

You have very sharp teeth.
Your uncanny sense of smell can sniff out nearby items.
Your experience applies equally to all skills.
You possess an exceptional clarity of mind.
Your mind is acute. (Int +4, Str/Dex -1)


Message History

You are too injured to fight recklessly!
You are too injured to fight recklessly!
You are too injured to fight recklessly!
Unknown command.
You sock the orc warrior!
The orc warrior is heavily wounded.
The orc warrior hits you with a +0 long sword.
You feel very mighty all of a sudden. The orc warrior closely misses you.
You hit the orc warrior but do no damage.
The orc warrior is heavily wounded.
The orc warrior hits you with a +0 long sword.
You hit the orc warrior.
The orc warrior is severely wounded.
The orc warrior barely misses you.
You hit the orc warrior. You bite the orc warrior.
You kill the orc warrior!
Cheibriados appreciates the change of pace.
The orc priest looks satisfied for a moment.
Your Conjurations skill increases to level 3!
Your Hexes skill increases to level 3!
Your Summonings skill increases to level 3!
Your Necromancy skill increases to level 3!
Your Translocations skill increases to level 3!
Your Transmutations skill increases to level 3!
Your Fire Magic skill increases to level 3!
Your Ice Magic skill increases to level 3!
Your Air Magic skill increases to level 3!
Your Earth Magic skill increases to level 3!
Your Poison Magic skill increases to level 3!
Your Invocations skill increases to level 4!
You bludgeon the orc!!
You kill the orc!
Cheibriados appreciates the change of pace.
The orc priest invokes the aid of Beogh against you.
Pain shoots through your body!
* * * LOW HITPOINT WARNING * * *
The orc priest mumbles some strange prayers to Beogh against you.
Beogh smites you!
You die...

#. #############+
#.............
#####.............
#...'.....>.......
#.###.............
#.# #.............
#.# #.............
#@# ######........
#.# #........ #o#
#........ #o#
#........ #..
######### ### # #


You could see an orc priest and an orc.

Vanquished Creatures
  An ice beast (D:5)
  A sky beast (D:7)
  An orc warrior (D:7)
  2 ogres
  A centaur (D:5)
  A phantom (D:5)
  A kobold brigand (D:8)
  2 scorpions (D:5)
  6 killer bees (D:8)
  A hound (D:6)
  4 iguanas
  3 orc wizards (D:6)
  A sleepcap (D:7)
  10 adders
  A white imp (D:8)
  A worm (D:4)
  2 dart slugs
  9 orcs
  6 ball pythons
  6 endoplasms
  6 giant cockroaches
  12 goblins
  4 hobgoblins
  3 jackals (D:4)
  8 kobolds
  6 quokkas
  6 bats
  4 frilled lizards
109 creatures vanquished.

Notes
Turn   | Place    | Note
-------+----------+-------------------------------------------
     0 | D:1      | qeuew the Gnoll Wanderer began the quest for the Orb.
     0 | D:1      | qeuew set off with the following items: a +1 flail, a +0
                  | pair of gloves, a potion of attraction, a +0 leather
                  | armour.
     0 | D:1      | Reached XP level 1. HP: 20/20 MP: 1/1
   165 | D:1      | Reached XP level 2. HP: 26/26 MP: 2/2
   269 | D:1      | Found Hixa's Jewellery Shoppe.
   762 | D:2      | Found a shadowy altar of Dithmenos.
   786 | D:2      | Reached XP level 3. HP: 13/31 MP: 2/4
   797 | D:2      | Reached skill level 1 in Invocations
   970 | D:2      | Reached skill level 1 in Short Blades
   970 | D:2      | Reached skill level 1 in Long Blades
   970 | D:2      | Reached skill level 1 in Axes
   970 | D:2      | Reached skill level 1 in Polearms
   970 | D:2      | Reached skill level 1 in Staves
   970 | D:2      | Reached skill level 1 in Ranged Weapons
   970 | D:2      | Reached skill level 1 in Throwing
   970 | D:2      | Reached skill level 1 in Armour
   970 | D:2      | Reached skill level 1 in Shields
   970 | D:2      | Reached skill level 1 in Unarmed Combat
   970 | D:2      | Reached skill level 1 in Spellcasting
  1257 | D:2      | Reached XP level 4. HP: 38/38 MP: 5/5
  1363 | D:2      | Gained mutation: You possess an exceptional clarity of
                  | mind. [potion of mutation]
  1363 | D:2      | Gained mutation: Your mind is acute. (Int +4, Str/Dex -1)
                  | [potion of mutation]
  1933 | D:3      | Found a faded altar of an unknown god.
  1955 | D:3      | Reached skill level 1 in Conjurations
  1955 | D:3      | Reached skill level 1 in Hexes
  1955 | D:3      | Reached skill level 1 in Summonings
  1955 | D:3      | Reached skill level 1 in Necromancy
  1955 | D:3      | Reached skill level 1 in Translocations
  1955 | D:3      | Reached skill level 1 in Transmutations
  1955 | D:3      | Reached skill level 1 in Fire Magic
  1955 | D:3      | Reached skill level 1 in Ice Magic
  1955 | D:3      | Reached skill level 1 in Air Magic
  1955 | D:3      | Reached skill level 1 in Earth Magic
  1955 | D:3      | Reached skill level 1 in Poison Magic
  2469 | D:4      | Reached XP level 5. HP: 43/43 MP: 7/7
  2609 | D:4      | Found Zyaqaeno's Assorted Antiques.
  2745 | D:4      | Noticed an ogre
  2755 | D:4      | Killed an ogre
  2756 | D:4      | Reached XP level 6. HP: 50/50 MP: 8/8
  2896 | D:4      | Reached skill level 5 in Fighting
  3228 | D:5      | Entered Level 5 of the Dungeon
  3254 | D:5      | Noticed an ice beast
  3267 | D:5      | Killed an ice beast
  3415 | D:5      | Reached XP level 7. HP: 39/56 MP: 10/10
  3528 | D:5      | Found a hide-covered altar of Uskayaw.
  3606 | D:5      | Found an iron altar of Okawaru.
  3736 | D:5      | Found an ancient bone altar of Kikubaaqudgha.
  3792 | D:5      | Noticed a vampire
  3793 | D:5      | Found a transporter.
  3793 | D:5      | Noticed Menkaure
  3795 | D:5      | Found a transporter.
  3833 | D:5      | Found a basalt altar of Yredelemnul.
  4053 | D:6      | You fall into a shaft and drop 2 floors!
  4113 | D:8      | Reached XP level 8. HP: 41/63 MP: 12/12
  4253 | D:8      | Noticed Amaemon
  4313 | D:7      | Found a staircase to the Ecumenical Temple.
  5178 | D:6      | Found a stormy altar of Qazlal.
  5180 | D:6      | Found a shimmering altar of Xom.
  5198 | D:6      | Found a sparkling altar of Nemelex Xobeh.
  5254 | D:6      | Found a snail-covered altar of Cheibriados.
  5285 | D:6      | Found a glowing silver altar of Zin.
  5290 | D:6      | Became a worshipper of Cheibriados the Contemplative
  5513 | D:6      | Learned a level 1 spell: Magic Dart
  5615 | D:7      | Killed from afar by an orc priest

Illustrated notes

Levels and vault maps discovered:
D:1:      lightli_arrival_isolated_outpost, layout_loops_ring, serial_shops,
          shop
D:2:      layout_basic, basic_altar
D:3:      kennysheep_the_goblin_king, layout_basic,
          shapermc_ecumenical_altar_petra, interstate_on_off,
          wad_floor_pattern_untrapped, minmay_liquid_box,
          minmay_misc_feat_cross, roderic_serpentine_path
D:4:      layout_basic, serial_shops, nicolae_shop_stone
D:5:      layout_rooms, nicolae_overflow_crystal_walls,
          gammafunk_temple_of_torment, nicolae_uskayaw_murder_on_the_dancefloor,
          portal_sewer_entry_f
D:6:      layout_cave_pools, grunt_temple_overflow_open,
          mainiacjoe_overflow_boulevard, mainiacjoe_overflow_catwalk_spiral,
          kennysheep_generic_room_2
D:7:      layout_basic, minmay_temple_entry_statues, uniq_crazy_yiuf_cottage
D:8:      layout_loops_ring, minmay_joined_circles, uniq_amaemon

Skill      XL: |  1  2  3  4  5  6  7  8 |
---------------+-------------------------+-----
Invocations    | 1 2 3 4 |  4.0
Short Blades   | 1 2 3 |  3.6
Long Blades    | 1 2 3 |  3.6
Axes           | 1 2 3 |  3.6
Polearms       | 1 2 3 |  3.6
Staves         | 1 2 3 |  3.6
Ranged Weapons | 1 2 3 |  3.6
Throwing       | 1 2 3 |  3.6
Armour         | 1 2 3 |  3.6
Shields        | 1 2 3 |  3.6
Unarmed Combat | 1 2 3 |  3.6
Spellcasting   | 1 2 3 |  3.6
Conjurations   | 1 2 3 |  3.0
Hexes          | 1 2 3 |  3.0
Summonings     | 1 2 3 |  3.0
Necromancy     | 1 2 3 |  3.0
Translocations | 1 2 3 |  3.0
Transmutations | 1 2 3 |  3.0
Fire Magic     | 1 2 3 |  3.0
Ice Magic      | 1 2 3 |  3.0
Air Magic      | 1 2 3 |  3.0
Earth Magic    | 1 2 3 |  3.0
Poison Magic   | 1 2 3 |  3.0
Evocations     | 3 4 |  4.5
Stealth        | 3 4 |  4.4
Fighting       | 5 |  5.9
Maces & Flails | 7 |  7.6
Dodging        | 7 |  7.6

Action                     |  1- 3 |  4- 6 |  7- 9 || total
---------------------------+-------+-------+-------++-------
  Melee: Flail             |    99 |   105 |   206 ||   410
         Bite              |     7 |    11 |    23 ||    41
         Punch             |       |     1 |     4 ||     5
   Cast: Magic Dart        |       |       |     4 ||     4
    Use: Potion            |     4 |     3 |     5 ||    12
         Scroll            |     1 |     5 |     4 ||    10
   Stab: Sleeping          |     5 |     4 |     2 ||    11
 Armour: Leather armour    |    27 |    16 |    51 ||    94
  Dodge: Dodged            |    73 |   113 |   256 ||   442

Table legend: (Time is in decaauts)
 A = Elapsed time spent in this place.
 B = Non-inter-level travel time spent in this place.
 C = Inter-level travel time spent in this place.
 D = Time resting spent in this place.
 E = Time spent auto-exploring this place.
 F = Levels seen in this place.
 G = Mean time per level.
                   A        B        C        D        E       F      G
               +--------+--------+--------+--------+--------+-----+--------+
         Total |   5676 |   5473 |    203 |     33 |   4518 |   8 |  709.5 |
       Dungeon |   5676 |   5473 |    203 |     33 |   4518 |   8 |  709.5 |
               +--------+--------+--------+--------+--------+-----+--------+

Top non-repeatable levels by time:
     D:4: 993 daAuts
     D:3: 843 daAuts
     D:5: 822 daAuts
     D:6: 773 daAuts
     D:1: 714 daAuts
     D:2: 687 daAuts
     D:7: 600 daAuts
     D:8: 239 daAuts
